AoeStats
← CrazyBen

Arena

506170713Analyzed
4v4 RM · 20d ago on Sep 12, 2026· 54m 55s· 8 players
Game mode
Random Map
Map size
Large (8 player)
Population
200
Speed
Normal
Resources
Standard
Victory
Conquest
Starting age
Dark Age
Ending age
Imperial Age
RankedLock teamsTeams togetherTeam positionsShared explorationLock speedFull tech treeHidden civsTurbo modeCheats
Victory
Defeat
🇦🇷 Persians · Argentina
1521
+15
🇺🇸 Malay · United States
1516
+15
🇫🇷 Japanese · France
1496
+16
🇪🇨 Bengalis · Ecuador
1457
+19
🇦🇷 Vietnamese · Argentina
1509
-17
🇪🇸 Burgundians · Spain
1506
-16
🇵🇪 Poles · Peru
1493
-16
🇦🇷 Britons · Argentina
1492
-16
CrazyBen
10:35 Feudal Age
11:39 Double-Bit Axe
14:27 Castle Age
13:06 Horse Collar
15:22 Heavy Plow
15:34 Bow Saw
19:59 Loom
26:30 Wheelbarrow
25:42 Town Watch
25:47 Pikeman
27:40 Scale Mail Armor
31:44 Imperial Age
29:16 Guard Tower
29:47 Ballistics
29:18 Fletching
29:45 Squires
29:31 Gambesons
30:54 Yasama
32:31 Bodkin Arrow
33:38 Chemistry
33:14 Keep
32:24 Arrowslits
33:30 Chain Mail Armor
33:26 Forging
33:17 Bracer
32:57 Halberdier
37:18 Plate Mail Armor
37:24 Iron Casting
37:27 Conscription
41:05 Murder Holes
46:51 Kataparuto
46:09 Man-at-Arms
46:35 Arson
47:10 Long Swordsman
48:54 Blast Furnace
50:01 Two-Handed Swordsman
51:24 Champion
55:25 Coinage
Maty
7:30 Loom
9:50 Feudal Age
11:27 Fletching
11:50 Double-Bit Axe
21:11 Castle Age
18:57 Horse Collar
19:38 Gold Mining
22:24 Bow Saw
23:52 Sanctity
23:45 Redemption
24:06 Town Watch
24:27 Heavy Plow
26:18 Sanctity
35:03 Imperial Age
33:11 Wheelbarrow
33:18 Fervor
33:38 Masonry
33:10 Treadmill Crane
33:56 Scale Mail Armor
34:19 Pikeman
35:00 Squires
34:46 Gambesons
35:44 Halberdier
36:41 Chain Mail Armor
36:23 Elite Elephant Archer
37:16 Forging
37:02 Bodkin Arrow
37:57 Crop Rotation
38:06 Gold Shaft Mining
38:47 Two-Man Saw
38:40 Hand Cart
38:36 Padded Archer Armor
39:11 Ballistics
39:52 Chemistry
39:59 Bracer
40:15 Leather Archer Armor
40:32 Architecture
41:13 Conscription
44:02 Paiks
44:48 Stone Mining
45:07 Siege Engineers
45:51 Guilds
46:40 Mahayana
47:10 Bloodlines
47:01 Husbandry
47:55 Scale Barding Armor
48:21 Ring Archer Armor
47:16 Light Cavalry
48:58 Chain Barding Armor
49:15 Iron Casting
50:29 Plate Barding Armor
51:17 Blast Furnace
50:34 Elite Battle Elephant
INeedHelp
5:48 Loom
9:09 Feudal Age
10:12 Fletching
10:41 Double-Bit Axe
15:19 Gold Mining
19:38 Castle Age
17:53 Horse Collar
21:25 Town Watch
21:54 Bow Saw
26:06 Elite Skirmisher
27:02 Bodkin Arrow
27:43 Ballistics
27:38 Padded Archer Armor
28:59 Leather Archer Armor
34:36 Imperial Age
32:19 Heavy Plow
32:22 Crossbowman
33:48 Thumb Ring
33:32 Arbalester
34:20 Bracer
36:14 Chemistry
36:18 Pikeman
38:10 Wheelbarrow
39:18 Halberdier
40:12 Forging
41:37 Iron Casting
41:31 Squires
45:21 Blast Furnace
44:53 Ring Archer Armor
45:34 Hand Cart
45:55 Bombard Tower
47:22 Conscription
50:50 Forced Levy
50:12 Man-at-Arms
50:44 Arson
50:43 Long Swordsman
51:19 Two-Handed Swordsman
Suricata Tactica
9:41 Feudal Age
13:39 Castle Age
12:22 Double-Bit Axe
12:25 Horse Collar
14:41 Bow Saw
14:46 Loom
21:37 Wheelbarrow
22:03 Heavy Plow
21:55 Gold Mining
21:55 Stone Mining
23:23 Hand Cart
24:55 Gold Shaft Mining
28:10 Imperial Age
26:18 Scale Barding Armor
26:32 Bloodlines
26:29 Stone Mining
27:02 Husbandry
28:36 Chain Barding Armor
28:27 Forging
28:20 Cavalier
29:41 Fletching
31:23 Plate Barding Armor
31:18 Savar
32:46 Conscription
33:18 Iron Casting
35:17 Two-Man Saw
35:41 Blast Furnace
36:32 Stone Shaft Mining
38:12 Crop Rotation
38:37 Scale Mail Armor
45:13 Squires
46:50 Chain Mail Armor
45:56 Pikeman
46:22 Arson
46:22 Gambesons
46:41 Halberdier
48:12 Plate Mail Armor
Alex Kriz Froz
5:37 Loom
8:15 Feudal Age
10:05 Double-Bit Axe
12:16 Horse Collar
20:11 Castle Age
22:50 Wheelbarrow
22:22 Heavy Plow
22:36 Bow Saw
26:05 Light Cavalry
27:53 Forging
30:21 Iron Casting
32:01 Bloodlines
33:33 Town Watch
35:09 Scale Barding Armor
37:22 Crossbowman
39:06 Ballistics
42:09 Imperial Age
39:57 Thumb Ring
40:41 Fletching
40:52 Padded Archer Armor
40:30 Elite Skirmisher
41:39 Hand Cart
41:25 Town Patrol
42:19 Imperial Skirmisher
44:40 Chemistry
43:36 Bodkin Arrow
45:52 Bracer
46:08 Leather Archer Armor
47:04 Capped Ram
48:59 Siege Ram
52:59 Pikeman
53:39 Squires
53:25 Arson
54:37 Scale Mail Armor
55:37 Blast Furnace
zhengyifan2003
3:25 Double-Bit Axe
6:09 Horse Collar
11:42 Feudal Age
13:36 Bow Saw
15:36 Castle Age
14:15 Heavy Plow
15:14 Scale Barding Armor
16:04 Light Cavalry
18:42 Wheelbarrow
19:32 Fervor
21:16 Sanctity
23:32 Hand Cart
24:56 Loom
27:05 Two-Man Saw
29:10 Imperial Age
27:21 Gold Mining
27:08 Cavalier
27:50 Husbandry
28:12 Chain Barding Armor
28:03 Forging
29:26 Paladin
30:52 Iron Casting
31:43 Gold Shaft Mining
32:13 Plate Barding Armor
32:38 Blast Furnace
32:16 Conscription
32:47 Stone Mining
33:18 Guilds
33:39 Coinage
33:56 Burgundian Vineyards
38:56 Banking
39:16 Town Watch
40:10 Stone Shaft Mining
40:58 Hoardings
40:39 Masonry
40:21 Fletching
42:04 Architecture
44:54 Town Patrol
45:26 Hussar
54:12 Fortified Wall
54:18 Scale Mail Armor
54:23 Treadmill Crane
54:59 Squires
54:44 Arson
Cyndaquil
11:56 Feudal Age
13:30 Double-Bit Axe
13:28 Horse Collar
16:30 Castle Age
15:23 Gold Mining
16:09 Town Watch
17:27 Bow Saw
17:36 Heavy Plow
18:18 Wheelbarrow
20:18 Loom
23:52 Hand Cart
28:53 Imperial Age
27:06 Stone Mining
27:25 Treadmill Crane
28:31 Scale Barding Armor
29:21 Forging
29:24 Bloodlines
29:14 Husbandry
29:39 Chain Barding Armor
30:47 Chemistry
29:50 Chatras
29:25 Elite Battle Elephant
30:44 Devotion
30:58 Town Patrol
32:24 Faith
33:32 Plate Barding Armor
34:05 Iron Casting
33:58 Fletching
34:59 Padded Archer Armor
34:23 Elite Skirmisher
34:37 Crossbowman
36:12 Thumb Ring
35:28 Arbalester
36:04 Bodkin Arrow
37:11 Ballistics
37:20 Bracer
38:54 Two-Man Saw
39:56 Siege Engineers
41:00 Ballistics
41:31 Leather Archer Armor
43:19 Ring Archer Armor
44:13 Paper Money
45:45 Crop Rotation
47:05 Caravan
50:22 Light Cavalry
52:15 Scale Mail Armor
52:10 Pikeman
53:01 Halberdier
Francisco Pizarron
10:42 Feudal Age
10:09 Loom
11:50 Double-Bit Axe
11:45 Horse Collar
18:52 Castle Age
19:22 Town Watch
24:20 Imperial Age
21:58 Fletching
23:12 Bodkin Arrow
23:26 Padded Archer Armor
25:02 Bracer
29:30 Chemistry
40:30 Leather Archer Armor
41:16 Ballistics
45:20 Bow Saw
45:57 Scale Mail Armor
45:50 Man-at-Arms
46:57 Masonry
47:09 Chain Mail Armor
46:41 Long Swordsman
48:22 Plate Mail Armor
47:29 Two-Handed Swordsman
48:26 Forging
48:06 Gambesons
48:52 Champion
50:08 Squires
50:45 Pikeman
53:01 Fortified Wall
54:03 Iron Casting
Connection lost

Rejoining the realm…

Still unreachable

The connection could not be restored.

Session expired

The server has moved on; the page needs a fresh start.